 Dungeon Crawl Stone Soup version 0.29-a0-243-g602b31c20e (webtiles) character file.

Game seed: 7289834160991792783

2027 enile the Sneak (level 9, -3/67 HPs)
             Began as a Gnoll Wanderer on Mar 5, 2022.
             Was a Believer of Zin.
             Killed from afar by a steam dragon (25 damage)
             ... with a ball of steam
             ... on level 7 of the Dungeon.
             The game lasted 00:16:10 (10187 turns).

enile the Sneak (Gnoll Wanderer)                   Turns: 10187, Time: 00:16:11

Health: -3/67      AC:  9    Str: 14    XL:     9   Next: 23%
Magic:  16/16      EV: 14    Int:  9    God:    Zin [**....]
Gold:   235        SH:  0    Dex: 22    Spells: 13/18 levels left

rFire   x . .      SeeInvis +   F - +1 halberd (flame)
rCold   . . .      Faith    .   (shield currently unavailable)
rNeg    . . .      Spirit   .   u - +3 leather armour of Polish {rPois rF- rCorr SInv}
rPois   +          Reflect  .   (no helmet)
rElec   .          Harm     .   C - +2 cloak
rCorr   +          Rampage  .   (no gloves)
Will    .....                   (no boots)
Stlth   ++++......              (no amulet)
HPRegen 0.21/turn               p - +6 ring of dexterity
MPRegen 0.15/turn               t - ring of see invisible

@: about to teleport
A: fangs 1, strong nose, distributed training
a: Renounce Religion, Recite, Vitalisation, Donate Gold


You were on level 7 of the Dungeon.
You worshipped Zin.
Zin was pleased with you.
You visited 1 branch of the dungeon, and saw 7 of its levels.
You also visited: Sewer.

You collected 261 gold pieces.
You donated 26 gold pieces to Zin.

Inventory:

Hand Weapons
 a - a +2 dagger
 d - a +0 dagger
 h - a +4 quarterstaff of chaos
 k - a +0 mace of holy wrath
 s - a +0 quarterstaff
 w - a +3 war axe of freezing
 F - a +1 halberd of flaming (weapon)
 I - a +0 hand crossbow
 N - a +0 morningstar
Missiles
 c - 17 poisoned darts (quivered)
 O - 3 boomerangs
Armour
 e - a +0 leather armour
 j - a +2 cloak
 u - the +3 leather armour of Polish (worn) {rPois rF- rCorr SInv}
   (You found it on level 4 of the Dungeon)

   rF:        It makes you vulnerable to fire.
   rPois:     It protects you from poison.
   SInv:      It lets you see invisible.
   rCorr:     It protects you from acid and corrosion.
 C - a +2 cloak (worn)
Jewellery
 m - a ring of flight
 p - a +6 ring of dexterity (left hand)
 t - a ring of see invisible (right hand)
Wands
 g - a wand of flame (24)
Scrolls
 b - 2 scrolls of blinking
 f - 2 scrolls of immolation
 i - a scroll of amnesia
 n - 3 scrolls of vulnerability
 o - 3 scrolls of identify
 r - 2 scrolls of magic mapping
 y - a scroll of enchant armour
 z - a scroll of fear {unknown}
 A - a scroll of acquirement {unknown}
 G - a scroll of noise {unknown}
 K - a scroll of fog {unknown}
 P - 3 scrolls of brand weapon {unknown}
Potions
 q - a potion of cancellation {unknown}
 v - a potion of haste
 x - 6 potions of flight
 B - a potion of mutation
 D - 2 potions of degeneration
 E - 2 potions of curing
 H - a potion of brilliance {unknown}
 J - a potion of might {unknown}
 L - a potion of invisibility {unknown}
 Q - a potion of lignification


   Skills:
 + Level 4.8 Fighting
 + Level 4.0 Short Blades
 + Level 4.0 Long Blades
 + Level 4.0 Axes
 + Level 4.0 Maces & Flails
 + Level 4.0 Polearms
 + Level 4.0 Staves
 + Level 4.0 Slings
 + Level 4.0 Bows
 + Level 4.0 Crossbows
 + Level 6.2 Throwing
 + Level 4.0 Armour
 + Level 4.0 Dodging
 + Level 7.3 Stealth
 + Level 4.0 Shields
 + Level 4.0 Unarmed Combat
 + Level 5.0 Spellcasting
 + Level 3.3 Conjurations
 + Level 3.3 Hexes
 + Level 3.3 Summonings
 + Level 3.3 Necromancy
 + Level 3.3 Translocations
 + Level 3.3 Transmutations
 + Level 3.3 Fire Magic
 + Level 3.3 Ice Magic
 + Level 5.1 Air Magic
 + Level 3.3 Earth Magic
 + Level 3.3 Poison Magic
 + Level 5.2 Invocations
 + Level 4.0 Evocations


You had 13 spell levels left.
You knew the following spells:

 Your Spells              Type           Power      Damage    Failure   Level
a - Static Discharge      Conj/Air       9%         N/A       9%          2
b - Swiftness             Air            11%        N/A       11%         3

Your spell library contained the following spells:

 Spells                   Type           Power      Damage    Failure   Level
 Shock                    Conj/Air       36%        1d5       5%          1
 Corpse Rot               Necr/Air       18%        N/A       9%          2
 Airstrike                Air            5%         N/A       36%         4


Dungeon Overview and Level Annotations

Branches:
Dungeon (7/15)             Temple (0/1) D:7           Sewer (visited)

Altars:
Cheibriados
Makhleb
Zin


Innate Abilities, Weirdness & Mutations

You have very sharp teeth.
Your uncanny sense of smell can sniff out nearby items.
Your experience applies equally to all skills.


Message History

You are too injured to fight recklessly!
You are too injured to fight recklessly!
You are too injured to fight recklessly!
You are too injured to fight recklessly!
You are too injured to fight recklessly!
You are too injured to fight recklessly!
You are too injured to fight recklessly!
You're standing in a cloud of steam!
You are engulfed in a cloud of scalding steam.
* * * LOW HITPOINT WARNING * * *
You feel much better.
You are engulfed in a cloud of scalding steam.
* * * LOW HITPOINT WARNING * * *
The steam dragon completely misses you. x2
Okay, then.
As you read the scroll of teleportation, it crumbles to dust.
You feel strangely unstable.
You are engulfed in a cloud of scalding steam.
* * * LOW HITPOINT WARNING * * *
The steam dragon misses you.
The steam dragon claws you but does no damage.
You feel better. The steam dragon misses you.
The steam dragon claws you but does no damage.
You feel better. The steam dragon misses you.
The steam dragon claws you but does no damage.
You closely miss the steam dragon.
Your surroundings suddenly seem different.
A sky beast and 2 steam dragons come into view.
Found 24 stones and 44 gold pieces.
A sky beast comes into view.
Found 16 gold pieces.
The steam dragon hisses angrily. x2; You hear a loud, deep croak!
Okay, then.
As you read the scroll of teleportation, it crumbles to dust.
You feel strangely unstable.
The sky beast flickers out of sight for a moment.
Found 29 gold pieces.
The steam dragon breathes steam at you. The ball of steam hits you!!
The steam scalds you terribly!
You die...

#...≈≈.$#
#...≈≈#$#$#≈
#...≈§.##$.≈
#...≈YD$..§≈
#...≈≈≈..≈≈§
#...#YD≈≈≈≈#
##..§#§≈≈≈#.
##..§......
##@.......
#######..


You could see a steam dragon and 2 sky beasts.

Vanquished Creatures
  A wyvern (D:4)
  Duvessa (D:4)
  2 sky beasts
  A black bear (D:4)
  3 ogres
  A phantom (D:3)
  A kobold brigand (D:7)
  A gnoll sergeant (D:6)
  A necrophage (D:5)
  3 scorpions
  Dowan (D:4)
  2 jellies
  4 hounds
  A gnoll shaman (D:4)
  Crazy Yiuf (D:2)
  Natasha (thrice) (D:2)
  13 gnolls
  15 adders
  4 river rats (Sewer)
  A white imp (D:6)
  An ufetubus (D:3)
  3 dart slugs
  5 worms
  13 orcs
  6 endoplasms
  5 giant cockroaches
  8 goblins
  6 hobgoblins
  3 jackals (Sewer)
  12 kobolds
  7 quokkas
  17 ball pythons
  12 bats
  5 frilled lizards
  6 rats
169 creatures vanquished.

Vanquished Creatures (others)
  4 demonic plants (D:3)
4 creatures vanquished.

Grand Total: 173 creatures vanquished

Notes
Turn   | Place    | Note
-------+----------+-------------------------------------------
     0 | D:1      | enile the Gnoll Wanderer began the quest for the Orb.
     0 | D:1      | enile set off with the following items: a +2 dagger, a
                  | scroll of blinking, 10 poisoned darts, a +0 dagger, a +0
                  | leather armour; and the following spells available to
                  | memorise: Corpse Rot, Static Discharge
     0 | D:1      | Reached XP level 1. HP: 17/17 MP: 4/4
    87 | D:1      | Found a faded altar of an unknown god.
   105 | D:1      | Prayed at the altar of an unknown god.
   105 | D:1      | Became a worshipper of Zin the Law-Giver
   105 | D:1      | Reached * piety under Zin
   191 | D:1      | Reached XP level 2. HP: 23/23 MP: 5/5
   931 | D:2      | Reached XP level 3. HP: 28/28 MP: 7/7
   938 | D:2      | Reached skill level 6 in Stealth
   941 | D:2      | Learned a level 2 spell: Static Discharge
  1147 | D:2      | Learned a level 3 spell: Swiftness
  2098 | D:2      | Noticed Natasha
  2105 | D:2      | Killed Natasha
  2106 | D:2      | Reached skill level 1 in Short Blades
  2106 | D:2      | Reached skill level 1 in Long Blades
  2106 | D:2      | Reached skill level 1 in Axes
  2106 | D:2      | Reached skill level 1 in Maces & Flails
  2106 | D:2      | Reached skill level 1 in Polearms
  2106 | D:2      | Reached skill level 1 in Staves
  2106 | D:2      | Reached skill level 1 in Slings
  2106 | D:2      | Reached skill level 1 in Bows
  2106 | D:2      | Reached skill level 1 in Crossbows
  2106 | D:2      | Reached skill level 1 in Armour
  2106 | D:2      | Reached skill level 1 in Dodging
  2106 | D:2      | Reached skill level 1 in Shields
  2106 | D:2      | Reached skill level 1 in Unarmed Combat
  2106 | D:2      | Reached skill level 1 in Evocations
  2106 | D:2      | Reached XP level 4. HP: 34/34 MP: 8/8
  2757 | D:2      | Noticed Natasha
  2764 | D:2      | Killed Natasha
  2765 | D:2      | Reached skill level 1 in Conjurations
  2765 | D:2      | Reached skill level 1 in Hexes
  2765 | D:2      | Reached skill level 1 in Summonings
  2765 | D:2      | Reached skill level 1 in Necromancy
  2765 | D:2      | Reached skill level 1 in Translocations
  2765 | D:2      | Reached skill level 1 in Transmutations
  2765 | D:2      | Reached skill level 1 in Fire Magic
  2765 | D:2      | Reached skill level 1 in Ice Magic
  2765 | D:2      | Reached skill level 1 in Earth Magic
  2765 | D:2      | Reached skill level 1 in Poison Magic
  2922 | D:2      | Reached XP level 5. HP: 35/40 MP: 9/9
  3006 | D:2      | Found a runed translucent door.
  3007 | D:2      | Noticed Crazy Yiuf
  3071 | D:2      | Was placed under penance by Zin
  3092 | D:2      | Killed Crazy Yiuf
  3494 | D:3      | Noticed an ogre
  3896 | D:2      | Noticed Natasha
  3903 | D:2      | Killed Natasha
  4452 | D:3      | Reached XP level 6. HP: 24/47 MP: 10/10
  4662 | D:3      | Reached skill level 5 in Throwing
  4807 | D:3      | Was forgiven by Zin
  5576 | D:4      | Noticed a wyvern
  5591 | D:4      | Killed a wyvern
  5592 | D:4      | Reached XP level 7. HP: 22/52 MP: 12/12
  5593 | D:4      | Identified the +3 leather armour of Polish {rPois rF- rCorr
                  | SInv}
  5891 | D:4      | Found a glowing drain.
  5900 | Sewer    | Entered a sewer
  7161 | D:4      | Noticed Duvessa
  7164 | D:4      | Noticed Dowan
  7495 | D:4      | Killed Duvessa
  7496 | D:4      | Reached XP level 8. HP: 48/60 MP: 12/14
  7570 | D:4      | Killed Dowan
  8458 | D:4      | Found a burning altar of Makhleb.
  8485 | D:4      | Found a snail-covered altar of Cheibriados.
  8706 | D:5      | Entered Level 5 of the Dungeon
  8868 | D:5      | Reached skill level 7 in Stealth
  9017 | D:5      | Reached ** piety under Zin
  9333 | D:5      | Reached skill level 5 in Air Magic
  9333 | D:5      | Reached skill level 5 in Invocations
  9333 | D:5      | Reached XP level 9. HP: 52/66 MP: 16/16
 10126 | D:7      | Reached skill level 5 in Spellcasting
 10153 | D:7      | Found a staircase to the Ecumenical Temple.
 10178 | D:7      | HP: 3/67 [steam dragon] (15)]
 10187 | D:7      | Killed from afar by a steam dragon

Illustrated notes

Levels and vault maps discovered:
D:1:      minmay_arrival_split_and_join, layout_loops_ring,
          nicolae_ecumenical_snake_handling, chequers_serial_rivers_micro_e,
          supply_closet_lemuel
D:2:      layout_loops_ring, uniq_crazy_yiuf_cottage, uniq_natasha
D:3:      minmay_bubble_buster, layout_basic, dreamdust_princess_corridor
D:4:      layout_gridville, gammafunk_temple_overflow_statue, serial_glass,
          glass_columns_a, glass_columns_c, portal_sewer_entry_f, uniq_duvessa
D:5:      layout_loops_cross
D:6:      layout_rooms
D:7:      layout_loops_ring, minmay_temple_entry_from_below_b,
          hangedman_misty_isle

Skill      XL: |  1  2  3  4  5  6  7  8  9 |
---------------+----------------------------+-----
Stealth        | 6 7 |  7.3
Short Blades   | 1 2 3 4 |  4.0
Long Blades    | 1 2 3 4 |  4.0
Axes           | 1 2 3 4 |  4.0
Maces & Flails | 1 2 3 4 |  4.0
Polearms       | 1 2 3 4 |  4.0
Staves         | 1 2 3 4 |  4.0
Slings         | 1 2 3 4 |  4.0
Bows           | 1 2 3 4 |  4.0
Crossbows      | 1 2 3 4 |  4.0
Armour         | 1 2 3 4 |  4.0
Dodging        | 1 2 3 4 |  4.0
Shields        | 1 2 3 4 |  4.0
Unarmed Combat | 1 2 3 4 |  4.0
Spellcasting   | 3 4 5 |  5.0
Evocations     | 1 2 3 4 |  4.0
Conjurations   | 1 2 3 |  3.3
Hexes          | 1 2 3 |  3.3
Summonings     | 1 2 3 |  3.3
Necromancy     | 1 2 3 |  3.3
Translocations | 1 2 3 |  3.3
Transmutations | 1 2 3 |  3.3
Fire Magic     | 1 2 3 |  3.3
Ice Magic      | 1 2 3 |  3.3
Earth Magic    | 1 2 3 |  3.3
Poison Magic   | 1 2 3 |  3.3
Invocations    | 3 4 5 |  5.2
Fighting       | 3 4 |  4.8
Air Magic      | 4 5 |  5.1
Throwing       | 5 6 |  6.2

Action                   |  1- 3 |  4- 6 |  7- 9 || total
-------------------------+-------+-------+-------++-------
Melee: Dagger            |    59 |    46 |       ||   105
       Punch             |     1 |     3 |     6 ||    10
       Bite              |     5 |    16 |    22 ||    43
       Mace              |       |    79 |       ||    79
       Quarterstaff      |       |    27 |    10 ||    37
       War axe           |       |       |   116 ||   116
       Halberd           |       |       |   116 ||   116
Throw: Dart              |    10 |    55 |    41 ||   106
 Cast: Static Discharge  |     5 |     1 |       ||     6
       Swiftness         |       |     1 |       ||     1
Invok: Recite            |       |       |     1 ||     1
Evoke: Wand              |       |       |     3 ||     3
  Use: Potion            |       |     9 |     4 ||    13
       Scroll            |       |     3 |     8 ||    11
 Stab: Sleeping          |    10 |     8 |    22 ||    40
       Distracted        |       |       |     2 ||     2
Armor: Leather armour    |    15 |    58 |   108 ||   181
       Skin              |       |    13 |       ||    13
Dodge: Dodged            |    41 |   141 |   196 ||   378

Table legend: (Time is in decaauts)
 A = Elapsed time spent in this place.
 B = Non-inter-level travel time spent in this place.
 C = Inter-level travel time spent in this place.
 D = Time resting spent in this place.
 E = Time spent auto-exploring this place.
 F = Levels seen in this place.
 G = Mean time per level.
                   A        B        C        D        E       F      G
               +--------+--------+--------+--------+--------+-----+--------+
         Total |  10476 |  10155 |    321 |   1236 |   6961 |   8 | 1309.5 |
       Dungeon |   9485 |   9164 |    321 |   1236 |   6297 |   7 | 1355.0 |
         Sewer |    991 |    991 |      0 |      0 |    663 |   1 |  991.0 |
               +--------+--------+--------+--------+--------+-----+--------+

Top non-repeatable levels by time:
     D:3: 2698 daAuts
     D:2: 2659 daAuts
     D:4: 1314 daAuts
     D:1: 1299 daAuts
   Sewer: 991 daAuts
     D:5: 804 daAuts
     D:6: 618 daAuts
     D:7: 91 daAuts
